 Dungeon Crawl Stone Soup version 0.31.0-32-g396128a36d (webtiles) character file.

Game seed: 93439120567274485

86 PaiMei the Grave Robber (level 4, -2/32 HPs)
             Began as a Demonspawn Necromancer on Apr 9, 2024.
             Slain by a sky beast (6 damage)
             ... on level 6 of the Dungeon.
             The game lasted 00:03:33 (2885 turns).

PaiMei the Grave Robber (Demonspawn Necromancer)    Turns: 2885, Time: 00:03:33

Health: -2/32      AC:  4    Str:  9    XL:     4   Next: 26%
Magic:  0/8        EV: 12    Int: 17    God:
Gold:   84         SH:  0    Dex: 17    Spells: 4/8 levels left

rFire   + . .        c - +0 short sword
rCold   . . .        (no shield)
rNeg    . . .        k - +1 leather armour {rF+}
rPois   .            (no helmet)
rElec   .            (no cloak)
rCorr   .            (no gloves)
SInv    .            (no boots)
Will    .....        (no amulet)
Stlth   ++++         (no ring)
HPRegen 0.25/turn    (no ring)
MPRegen 0.22/turn

%: no passive effects
@: very slightly contaminated
A: thin skeletal structure 2, magic regeneration
a: no special abilities


You were on level 6 of the Dungeon.
You visited 1 branch of the dungeon, and saw 4 of its levels.

You collected 84 gold pieces.

Inventory:

Hand Weapons
 c - a +0 short sword (weapon)
Armour
 a - a +0 robe
 k - a +1 leather armour of fire resistance (worn)
Scrolls
 e - 2 scrolls of identify {unknown}
 f - 2 scrolls of fog {unknown}
 g - a scroll of vulnerability {unknown}
 j - a scroll of noise {unknown}
Potions
 b - a potion of magic
 d - a potion of lignification {unknown}
 h - a potion of heal wounds {unknown}
 i - 2 potions of berserk rage {unknown}


   Skills:
 + Level 1.5 Fighting
 + Level 2.5 Dodging
 - Level 2.0 Stealth
 + Level 2.7 Spellcasting
 + Level 4.9 Necromancy


You had 4 spell levels left.
You knew the following spells:

 Your Spells              Type           Power      Damage    Failure   Level
a - Necrotise             Necr           76%        1d7       3%          1
b - Vampiric Draining     Necr           19%        2d7       10%         3

Your spell library contained the following spells:

 Spells                   Type           Power      Damage    Failure   Level
 Fugue of the Fallen      Necr           19%        N/A       10%         3
 Animate Dead             Necr           19%        N/A       32%         4
 Blink                    Tloc           4%         N/A       36%         2
 Lesser Beckoning         Tloc           4%         N/A       36%         2
 Momentum Strike          Conj/Tloc      4%         3d8       36%         2
 Dazzling Flash           Conj/Hex       4%         N/A       58%         3
 Ozocubu's Armour         Ice            2%         N/A       58%         3
 Volatile Blastmotes      Fire/Tloc      4%         2d10      58%         3
 Manifold Assault         Tloc           2%         N/A       94%         4
 Curse of Agony           Necr           19%        N/A       67%         5
 Starburst                Conj/Fire      1%         6d3       100%        6
 Maxwell's Capacitive Co  Air            1%         ∞         100%        8


Dungeon Overview and Level Annotations

Branches:
Dungeon (3/15)

Altars:

Shops:
D:1 =


Innate Abilities, Weirdness & Mutations

You have a moderately thin skeletal structure. (Dex +4, Stealth++)
You regenerate magic rapidly.


Message History

Casting: Vampiric Draining (quite dangerous; 10% risk of failure)
Confirm with . or Enter, or press ? or * to list all spells.
Aiming: Necrotise (safe; 3% risk of failure)
Press: ? - help, Shift-Dir - straight line, f/p - sky beast
Aim: a sky beast (heavily wounded, chance to affect: 78%)
The sky beast writhes in agony.
The sky beast misses you.
Casting: Necrotise (safe; 3% risk of failure)
Confirm with . or Enter, or press ? or * to list all spells.
Aiming: Necrotise (safe; 3% risk of failure)
Press: ? - help, Shift-Dir - straight line, f/p - sky beast
Aim: a sky beast (heavily wounded, chance to affect: 78%)
The sky beast writhes in agony.
The sky beast hits you. The sky beast shocks you.
Casting: Necrotise (safe; 3% risk of failure)
Confirm with . or Enter, or press ? or * to list all spells.
Aiming: Necrotise (safe; 3% risk of failure)
Press: ? - help, Shift-Dir - straight line, f/p - sky beast
Aim: a sky beast (severely wounded, chance to affect: 78%)
You miscast Necrotise.
You are very lightly contaminated with residual magic.
Nothing appears to happen.
The sky beast hits you.
* * * LOW HITPOINT WARNING * * *
The sky beast shocks you.
* * * LOW HITPOINT WARNING * * *
The sky beast attacks as it pursues you!
The sky beast hits you but does no damage.
Casting: Necrotise (safe; 3% risk of failure)
Confirm with . or Enter, or press ? or * to list all spells.
Aiming: Necrotise (safe; 3% risk of failure)
Press: ? - help, Shift-Dir - straight line, f/p - sky beast
Aim: a sky beast (severely wounded, chance to affect: 78%)
The sky beast writhes in agony.
The sky beast closely misses you.
The sky beast attacks as it pursues you!
The sky beast hits you but does no damage.
You hit the sky beast but do no damage.
The sky beast is almost dead.
The sky beast hits you.
* * * LOW HITPOINT WARNING * * *
The sky beast shocks you.
You die...

#...#......#
#...#......+
#...##.~...#
#...##.....###
#............#
#............#
#.[..........#
#...##.....###
#.@Y##.....########
#..................
#..................
#..................
#...#########.>.##.
#####.......#...##.
#.......#......
#.......#......
#.......'......


You could see a sky beast.

Vanquished Creatures
  2 adders (D:2)
  A dart slug (D:2)
  4 orcs
  7 bats
  5 endoplasms
  3 giant cockroaches (D:2)
  8 goblins
  3 hobgoblins (D:1)
  4 jackals (D:1)
  3 quokkas
  2 ball pythons
  2 frilled lizards
  7 rats
51 creatures vanquished.

Vanquished Creatures (collateral kills)
  2 bats
  An endoplasm (D:1)
  A goblin (D:2)
  A rat (D:1)
5 creatures vanquished.

Grand Total: 56 creatures vanquished

Notes
Turn   | Place    | Note
-------+----------+-------------------------------------------
     0 | D:1      | PaiMei the Demonspawn Necromancer began the quest for the
                  | Orb.
     0 | D:1      | Reached XP level 1. HP: 13/13 MP: 3/3
   171 | D:1      | Gained mutation: You have a somewhat thin skeletal
                  | structure. (Dex +2, Stealth+) [demonic ancestry]
   171 | D:1      | Reached XP level 2. HP: 19/19 MP: 3/5
   291 | D:1      | Found Zoleeqej's Jewellery Emporium.
  1065 | D:1      | Gained mutation: You have a moderately thin skeletal
                  | structure. (Dex +4, Stealth++) [demonic ancestry]
  1065 | D:1      | Reached XP level 3. HP: 25/25 MP: 3/6
  1069 | D:1      | Learned a level 3 spell: Vampiric Draining
  1337 | D:1      | Found a faded altar of an unknown god.
  1399 | D:2      | Reached skill level 1 in Fighting
  2111 | D:2      | Gained mutation: You regenerate magic rapidly. [demonic
                  | ancestry]
  2111 | D:2      | Reached XP level 4. HP: 31/32 MP: 1/7
  2734 | D:3      | You fall into a shaft and drop 3 floors!
  2814 | D:6      | Noticed a sky beast
  2885 | D:6      | Slain by a sky beast

Illustrated notes

Levels and vault maps discovered:
D:1:      dpeg_arrival_subterranean_lakeside_camping, layout_loops_corners,
          shapermc_ecumenical_altar_hornbeckon, serial_shops, shop
D:2:      layout_loops_ring
D:3:      layout_basic, serial_bayou_crossing
D:6:      layout_gridville, chequers_temple_overflow_statue_of_worship,
          minmay_misc_feat_doors, uniq_duvessa

Skill      XL: |  1  2  3 |
---------------+----------+-----
Dodging        | 2 |  2.5
Stealth        | 2 |  2.0
Fighting       | 1 |  1.5
Spellcasting   | |  2.7
Necromancy     | |  4.9

Action                     |  1- 3 |  4- 6 || total
---------------------------+-------+-------++-------
  Melee: Short sword       |    14 |     9 ||    23
   Cast: Necrotise         |    74 |    24 ||    98
         Vampiric Draining |       |     2 ||     2
 Armour: Robe              |    21 |    10 ||    31
         Leather armour    |       |    10 ||    10
  Dodge: Dodged            |    17 |    12 ||    29
